 Dungeon Crawl Stone Soup version 0.21-a0-521-g1cd18d1 (console) character file.

638 nht the Slinger (level 7, -3/67 HPs)
             Began as a Halfling Berserker on Dec 5, 2017.
             Was a Priest of Trog.
             Slain by a river rat (4 damage)
             ... in a sewer.
             The game lasted 00:03:59 (3755 turns).

nht the Slinger (Halfling Berserker)                Turns: 3755, Time: 00:04:00

Health: -3/67      AC:  4    Str: 23    XL:     7   Next: 80%
Magic:  7/7        EV: 15    Int:  5    God:    Trog [***...]
Gold:   169        SH:  0    Dex: 16    Spells: 6/6 levels left

rFire    . . .     SeeInvis .   a - +0 short sword (venom)
rCold    . . .     Gourm    .   (shield restricted)
rNeg     . . .     Faith    .   b - +0 animal skin
rPois    .         Spirit   .   v - +0 helmet
rElec    .         Reflect  .   (no cloak)
rCorr    .         Harm     .   t - +0 pair of gloves
MR       .....                  (no boots)
Stlth    ..........             (no amulet)
HPRegen  0.21/turn              (no ring)
MPRegen  0.10/turn              (no ring)

@: berserking (expiring), quick
A: small, mutation resistance 1
a: Berserk, Trog's Hand, Burn Spellbooks, Renounce Religion


You were in a sewer.
You worshipped Trog.
Trog was most pleased with you.
You were near starving.

You visited 1 branch of the dungeon, and saw 4 of its levels.
You also visited: Sewer.

You collected 169 gold pieces.

Inventory:

Hand Weapons
 a - a +0 short sword of venom (weapon)
 e - a +5 hunting sling
 u - a +0 short sword
Missiles
 d - 68 stones (quivered)
 h - a throwing net
 i - 59 sling bullets
 q - 33 poisoned needles
Armour
 b - a +0 animal skin (worn)
 t - a +0 pair of gloves (worn)
 v - a +0 helmet (worn)
Jewellery
 y - an uncursed ring of poison resistance {unknown}
Scrolls
 g - 2 scrolls of magic mapping {unknown}
 k - a scroll of enchant armour {unknown}
 l - 4 scrolls of identify {unknown}
 m - 2 scrolls of remove curse {unknown}
 n - 3 scrolls of amnesia {unknown}
 o - a scroll of teleportation {unknown}
 A - a scroll of enchant weapon {unknown}
Potions
 f - a potion of resistance {unknown}
 j - 3 potions of brilliance {unknown}
 r - 2 potions of agility {unknown}
 s - a potion of might {unknown}
 w - a potion of magic {unknown}
 x - a potion of curing {unknown}
 z - a potion of cancellation {unknown}
 B - a potion of flight {unknown}
 C - a potion of heal wounds {unknown}
Comestibles
 c - 2 bread rations
 p - 2 meat rations


   Skills:
 - Level 2.6 Fighting
 + Level 5.1 Short Blades
 + Level 10.2 Slings
 - Level 2.1 Armour
 - Level 2.1 Dodging


You had 6 spell levels left.
You didn't know any spells.

Dungeon Overview and Level Annotations

Branches:
Dungeon (4/15)
 Temple: D:4-7

Altars:
Kikubaaqudgha
The Shining One


Innate Abilities, Weirdness & Mutations

You are small and have problems with some larger weapons.
You are somewhat resistant to further mutation.


Message History

The rat closely misses you. The river rat bites you.
* * * LOW HITPOINT WARNING * * *
You are near starving!
You hit the river rat but do no damage.
The river rat looks as sick as possible!
The river rat is almost dead.
The rat splashes around in the water.
The river rat barely misses you. The rat completely misses you.
The rat misses you.
You puncture the river rat!
You kill the river rat!
Trog accepts your kill. The river rat bites you.
* * * LOW HITPOINT WARNING * * *
The rat bites you but does no damage.
You hit the river rat.
The river rat is lightly wounded.
The rat splashes around in the water.
Your unstable footing causes you to fumble your attack.
The river rat bites you.
You die...

.....≈≈≈≈≈.....██
.......≈≈.......██
█.....≈≈≈≈.......██
█.....≈≈≈.........██
█......≈≈.......█..█
█.....≈≈≈≈.....███.█
.......≈≈≈.....███∩█
█..rr≈.≈.....████
██.r@≈≈......██
█≈rr≈≈≈...†..█
█..≈≈≈≈.≈.....██
....≈≈≈≈≈≈......█
█....≈≈≈≈≈≈≈......█
█....≈≈≈≈≈≈≈≈.....█
....≈.≈≈≈≈≈≈.....██
....≈≈≈≈≈≈≈≈....██
█≈≈≈≈≈≈≈≈...█


You could see a river rat and 4 rats.

Vanquished Creatures
  Grinder (D:3)
  Blork the orc (D:4)
  A hound (D:4)
  An orc wizard (D:3)
  3 worker ants (D:4)
  A gnoll (D:1)
  4 adders
  9 river rats
  3 worms
  A dart slug (D:1)
  3 leopard geckos
  7 orcs
  7 giant cockroaches
  3 goblins
  9 hobgoblins
  7 jackals
  3 ball pythons
  9 bats
  5 frilled lizards
  17 kobolds
  11 rats
106 creatures vanquished.

Notes
Turn   | Place    | Note
-------+----------+-------------------------------------------
     0 | D:1      | nht the Halfling Berserker began the quest for the Orb.
     0 | D:1      | Reached XP level 1. HP: 15/15 MP: 1/1
    21 | D:1      | Reached XP level 2. HP: 12/20 MP: 2/2
   373 | D:1      | Reached skill level 1 in Slings
   556 | D:1      | Reached skill level 2 in Slings
   652 | D:1      | Reached XP level 3. HP: 25/25 MP: 3/3
   672 | D:1      | Reached skill level 3 in Slings
   699 | D:1      | Found a glowing golden altar of the Shining One.
   770 | D:1      | Reached ** piety under Trog
  1055 | D:2      | Reached skill level 4 in Slings
  1055 | D:2      | Reached XP level 4. HP: 30/30 MP: 4/4
  1273 | D:2      | Reached skill level 5 in Slings
  2309 | D:3      | Reached skill level 6 in Slings
  2309 | D:3      | Reached XP level 5. HP: 35/35 MP: 5/5
  2468 | D:3      | Found an ancient bone altar of Kikubaaqudgha.
  2548 | D:3      | Noticed Grinder
  2673 | D:3      | Paralysed by Grinder for 3 turns
  2681 | D:3      | Paralysed by Grinder for 5 turns
  2687 | D:3      | Killed Grinder
  2687 | D:3      | Reached skill level 8 in Slings
  2687 | D:3      | Reached XP level 6. HP: 30/41 MP: 6/6
  2953 | D:4      | Reached skill level 9 in Slings
  2953 | D:4      | Reached XP level 7. HP: 45/45 MP: 7/7
  3040 | D:4      | Noticed Blork the orc
  3056 | D:4      | Killed Blork the orc
  3069 | D:4      | Reached *** piety under Trog
  3215 | D:4      | Received a gift from Trog
  3326 | D:4      | Found a glowing drain.
  3362 | Sewer    | Entered a sewer
  3388 | Sewer    | Reached skill level 10 in Slings
  3740 | Sewer    | Reached skill level 5 in Short Blades
  3753 | Sewer    | HP: 1/67 [river rat (3)]
  3755 | Sewer    | Slain by a river rat

Vault maps used:
D:1:      arrival_zaba_pyramid, tso_metal_star
D:2:      first_bread
D:3:      nicolae_overflow_crystal_walls, uniq_grinder
D:4:      portal_sewer_entry_c, kennysheep_generic_room_4, uniq_ijyb,
          uniq_blork_the_orc, uniq_crazy_yiuf_cottage
Sewer:    sewer_minmay_treatment

Skill      XL: |  1  2  3  4  5  6  7 |
---------------+----------------------+-----
Short Blades   | 4 5 |  5.1
Slings         | 2 4 6 8 9 10 | 10.2
Fighting       | |  2.6
Armour         | |  2.1
Dodging        | |  2.1

Action                   |  1- 3 |  4- 6 |  7- 9 || total
-------------------------+-------+-------+-------++-------
Melee: Short sword       |    12 |       |   148 ||   160
 Fire: Hunting sling     |    61 |    92 |    13 ||   166
Invok: Berserk           |     1 |       |     2 ||     3
  Eat: Chunk             |     1 |     5 |     4 ||    10
Armor: Animal skin       |     3 |     3 |    37 ||    43
Dodge: Dodged            |    22 |    12 |   135 ||   169

Table legend:
 A = Spawn XP
 B = Non-spawn XP
 C = Spawn XP percentage of total XP
 D = Spawn monster count
 E = Non-spawn monster count
 F = Spawn count percentage of total count
 G = Total turns spent on level
                    A         B        C        D         E        F      G
               +---------+---------+-------+---------+---------+-------+---------
         Total |       0 |     912 |   0.0 |       0 |     106 |   0.0 |  3755
               +---------+---------+-------+---------+---------+-------+---------
           D:1 |       0 |      62 |   0.0 |       0 |      27 |   0.0 |  1104
           D:2 |       0 |      60 |   0.0 |       0 |      21 |   0.0 |   942
           D:3 |       0 |     367 |   0.0 |       0 |      14 |   0.0 |   902
           D:4 |       0 |     269 |   0.0 |       0 |      22 |   0.0 |   414
         Sewer |       0 |     154 |   0.0 |       0 |      22 |   0.0 |   393
               +---------+---------+-------+---------+---------+-------+---------
